 Dungeon Crawl Stone Soup version 0.31.0-12-g77e489cdc1 (webtiles) character file.

Game seed: 437947179415673454

1 Goblin1989 the Sneak (level 1, -3/18 HPs)
             Began as a Demonspawn Delver on Feb 17, 2024.
             Was an Initiate of Hepliaklqana.
             Slain by a gnoll
             ... wielding a +0 spear
              (6 damage)
             ... on level 3 of the Dungeon.
             The game lasted 00:02:41 (199 turns).

Goblin1989 the Sneak (Demonspawn Delver)             Turns: 199, Time: 00:02:42

Health: -3/18      AC:  3    Str: 12    XL:     1   Next: 16%
Magic:  1/1        EV: 11    Int: 10    God:    Hepliaklqana [......]
Gold:   0          SH:  0    Dex: 14    Spells: 0/0 levels left

rFire   + . .        a - +0 short sword
rCold   + . .        (no shield)
rNeg    . . .        b - +0 leather armour
rPois   .            (no helmet)
rElec   .            (no cloak)
rCorr   .            (no gloves)
SInv    .            (no boots)
Will    .....        (no amulet)
Stlth   +++          (no ring)
HPRegen 0.23/turn    (no ring)
MPRegen 0.07/turn

%: no passive effects
@: no status effects
A: hooves 1, cold resistance 1, fire resistance 1, inability to read after
injury 1
a: Renounce Religion


You were on level 3 of the Dungeon.
You worshipped Hepliaklqana.
Hepliaklqana was noncommittal.
You visited 1 branch of the dungeon, and saw 3 of its levels.

Inventory:

Hand Weapons
 a - a +0 short sword (weapon)
Missiles
 l - 2 stones (quivered)
Armour
 b - a +0 leather armour (worn)
 h - a scarf of invisibility
Jewellery
 j - a ring of willpower
Wands
 g - a wand of digging (2) {@v3}
Scrolls
 c - a scroll of fog
 i - a scroll of identify {@r1}
Potions
 f - a potion of haste {@q3,}


   Skills:
 - Level 3.0 Fighting
 - Level 1.7 Short Blades
 - Level 1.7 Dodging
 + Level 4.6 Stealth


You couldn't memorise any spells.
You didn't know any spells.
Your spell library was empty.

Dungeon Overview and Level Annotations

Branches:
Dungeon (5/15) Zot: 17800
 Temple: D:4-7

Altars:
Hepliaklqana


Innate Abilities, Weirdness & Mutations

You have large cloven feet.
Your flesh is cold resistant. (rC+)
Your flesh is heat resistant. (rF+)
You occasionally lose the ability to read scrolls when taking damage.


Message History

h - a scarf of invisibility
i - a scroll labelled ZIZEFR RAESTUU
Found a hazy altar of Hepliaklqana.
Found a small marble ring.
There is a hazy altar of Hepliaklqana here.
You kneel at the altar of Hepliaklqana.
Hepliaklqana welcomes you!
j - a ring of willpower
Found a scroll labelled ZIZEFR RAESTUU.
i - 2 scrolls labelled ZIZEFR RAESTUU (gained 1) As you open the large door, it creaks loudly!
An ogre and a scorpion come into view.
The ogre shouts!
Found 17 gold pieces.
You close the large door.
As you read the scroll of revelation, it crumbles to dust.
You feel aware of your surroundings.
An ogre opens the large door.
Unknown command.
As you read the scroll of fear, it crumbles to dust.
You assume a fearsome visage.
The ogre looks frightened!
The scorpion looks frightened!
Aiming: Dig
Press: ? - help, Shift-Dir - straight line A rock wall.
The rock shatters into small pieces.
Found a stone staircase leading up.
There is a stone staircase leading up here.
Unknown command.
Unknown command.
You climb upwards.
There is a stone staircase leading down here.
k - a silvery potion A goblin comes into view.
It is wielding a +0 dagger.
Found 2 stones.
The goblin hits you with a +0 dagger.
You take 3 damage, and have 15/18 hp.
You miss the goblin. You hit the goblin.
The goblin is moderately wounded.
The goblin hits you with a +0 dagger.
You take 1 damage, and have 14/18 hp.
You hit the goblin.
You kill the goblin!
No target in view!
You start resting.
HP restored.
Health restored: 18
Found a stone staircase leading up.
Things that are here:
a +0 dagger; a goblin corpse No target in view!
A black bear comes into view.
The black bear growls angrily.
There is a stone staircase leading up here.
You climb upwards.
There is a stone staircase leading down here.
You open the door.
Found 5 stones.
There is an open door here.
You see here 5 stones.
l - 5 stones A gnoll comes into view. It is wielding a +0 spear.
A ball python comes into view.
The ball python hisses angrily.
Found an escape hatch in the floor.
There is an escape hatch in the floor here.
You hit the ball python.
You kill the ball python!
There is an escape hatch in the floor here.
A gnoll comes into view. It is wielding a +0 spear.
The gnoll shouts!
You hear a shout! x2; You hear a loud squeak.
Throw: 5 stones
Press: ? - help, Q - select action Shift-Dir - straight line, f - gnoll
Aim: a gnoll, wielding a +0 spear (60% to hit)
You throw a stone.
The stone hits the gnoll but does no damage.
Throw: 4 stones
Press: ? - help, Q - select action Shift-Dir - straight line, f/p - gnoll
Aim: a gnoll, wielding a +0 spear (60% to hit)
You throw a stone.
The stone hits the gnoll but does no damage.
Throw: 3 stones
Press: ? - help, Q - select action Shift-Dir - straight line, f/p - gnoll
Aim: a gnoll, wielding a +0 spear (60% to hit)
You throw a stone. The stone barely misses the gnoll.
The gnoll misses you. The gnoll hits you with a +0 spear!
You take 8 damage, and have 10/18 hp.
MASSIVE DAMAGE!!
You hit the gnoll but do no damage. The gnoll hits you with a +0 spear!
* * * LOW HITPOINT WARNING * * *
You take 7 damage, and have 3/18 hp.
MASSIVE DAMAGE!!
It was a potion of mutation.
You feel extremely strange.
You feel resistant to cold.
Your feet thicken and deform.
You occasionally lose the ability to read scrolls when taking damage.
You feel resistant to heat. The gnoll barely misses you.
As you read the scroll labelled ZIZEFR RAESTUU, it crumbles to dust.
It is a scroll of identify.
You don't currently have any unidentified items.
The gnoll hits you with a +0 spear.
You die...

.. .█ .█ .█ .█ .█
███████████.█
███.....@g....█
███████.█.█████████.█
█.......█......... .█
██>████.█..████████..
█....█.█..█ .......
████.█....█ ....g...
█.████.█ .........
█.████.████..........
█.█............


You could see a gnoll.

Vanquished Creatures
  A ball python (D:3)
  A goblin (D:4)
2 creatures vanquished.

Notes
Turn   | Place    | Note
-------+----------+-------------------------------------------
     0 | D:5      | Goblin1989 the Demonspawn Delver began the quest for the
                  | Orb.
     0 | D:5      | Reached XP level 1. HP: 18/18 MP: 1/1
    11 | D:5      | Found a hazy altar of Hepliaklqana.
    20 | D:5      | Became a worshipper of Hepliaklqana the Forgotten
    33 | D:5      | Noticed an ogre
    33 | D:5      | Noticed a scorpion
   128 | D:4      | Noticed a black bear
   198 | D:3      | Gained mutation: Your flesh is cold resistant. (rC+)
                  | [potion of mutation]
   198 | D:3      | Gained mutation: You have large cloven feet. [potion of
                  | mutation]
   198 | D:3      | Gained mutation: You occasionally lose the ability to read
                  | scrolls when taking damage. [potion of mutation]
   198 | D:3      | Gained mutation: Your flesh is heat resistant. (rF+)
                  | [potion of mutation]
   199 | D:3      | Slain by a gnoll

Illustrated notes

Levels and vault maps discovered:
D:3:      layout_basic, vehumet_statue, uniq_ijyb
D:4:      layout_loops_ring, mainiacjoe_overflow_chevrons
D:5:      layout_basic, mainiacjoe_overflow_paths, st_stairs_3,
          kennysheep_opposing_triangles

Action                     || total
---------------------------++-------
  Melee: Short sword       ||     5
  Throw: Stone             ||     3
  Evoke: Wand              ||     1
    Use: Scroll            ||     3
         Potion            ||     1
 Armour: Leather armour    ||     5
  Dodge: Dodged            ||     2
